 Dungeon Crawl Stone Soup version 0.30-a0-862-g1aabd4f9c5 (webtiles) character file.

Game seed: 7401359657622667267

5105 IdlyInterested the Slicer (level 10, 0/71 HPs)
             Began as a Demonspawn Fighter on Mar 8, 2023.
             Slain by a sun demon (12 damage)
             ... summoned by a kobold demonologist
             ... on level 9 of the Dungeon.
             The game lasted 00:34:36 (9227 turns).

IdlyInterested the Slicer (Demonspawn Fighter)      Turns: 9227, Time: 00:34:37

Health: 0/71       AC: 15    Str: 22    XL:     10   Next: 32%
Magic:  0/13       EV:  9    Int:  9    God:
Gold:   185        SH:  7    Dex: 26    Spells: 10/13 levels left

rFire   + . .      SeeInvis .    J - +1 rapier (spect)
rCold   x . .      Faith    .    c - +0 buckler
rNeg    . . .      Spirit   +    y - +2 shadow dragon scales of Suuf {rPois Regen+ Stlth++++}
rPois   +          Reflect  .    g - +0 helmet
rElec   .          Rampage  .    (cloak unavailable)
rCorr   .                        (no gloves)
Will    .....                    (no boots)
Stlth   +++++                    F - amulet of guardian spirit
HPRegen 1.11/turn                i - +6 ring of strength
MPRegen 0.26/turn                o - +6 ring of dexterity

@: invisible
A: magic regeneration, demonic magic 2, weakness stinger 3, agile 1, fire
resistance 1, cold vulnerability 1
a: no special abilities


You were on level 9 of the Dungeon.
You visited 2 branches of the dungeon, and saw 10 of its levels.

You collected 666 gold pieces.
You spent 481 gold pieces at shops.

Inventory:

Hand Weapons
 q - a +1 short sword of speed
 v - a +1 long sword of flaming
 H - a +0 short sword of venom
 J - a +1 spectral rapier (weapon)
Missiles
 j - 65 stones (quivered)
 u - 20 poisoned darts
 z - 6 boomerangs
 D - 8 atropa-tipped darts
Armour
 c - a +0 buckler (worn)
 g - a +0 helmet (worn)
 y - the +2 shadow dragon scales of Suuf (worn) {rPois Regen+ Stlth++++}
   (You found it on level 4 of the Dungeon)

   rPois:     It protects you from poison.
   Regen:     It increases your rate of health regeneration.
   Stlth:     It makes you much more stealthy.
 L - +0 acid dragon scales
 N - a +2 robe of resistance
Magical Staves
 b - a staff of fire
Jewellery
 i - a +6 ring of strength (left hand)
 o - a +6 ring of dexterity (right hand)
 F - an amulet of guardian spirit (around neck)
 I - a ring of poison resistance
Wands
 E - a wand of polymorph (12)
 K - a wand of flame (6)
Scrolls
 a - a scroll of silence
 e - a scroll of fog
 h - a scroll of amnesia
 k - 5 scrolls of blinking
 l - 3 scrolls of teleportation
 B - 2 scrolls of enchant armour
 C - 2 scrolls of brand weapon
Potions
 d - 2 potions of might
 f - 3 potions of mutation
 m - 2 potions of haste
 n - 2 potions of invisibility
 p - 2 potions of heal wounds
 r - 2 potions of curing
 s - a potion of magic
 t - 2 potions of flight
 x - a potion of berserk rage {unknown}
 A - a potion of brilliance
 G - 2 potions of cancellation
 M - a potion of degeneration {unknown}
Miscellaneous
 w - a lightning rod (4/4)


   Skills:
 - Level 4.0 Fighting
 * Level 8.8(9.5) Short Blades
 - Level 5.5(7.9) Long Blades
 - Level 1.0 Throwing
 - Level 2.6 Armour
 - Level 2.0 Dodging
 + Level 6.1 Stealth
 - Level 6.0 Shields
 - Level 2.0 Spellcasting
 + Level 2.5 Hexes
 - Level 2.0 Evocations


You had 10 spell levels left.
You knew the following spells:

 Your Spells              Type           Power      Damage    Failure   Level
a - Portal Projectile     Hex/Tloc       6%         N/A       100%        3

Your spell library contained the following spells:

 Spells                   Type           Power      Damage    Failure   Level
 Slow                     Hex            20%        N/A       80%         1
 Apportation              Tloc           0%         N/A       98%         1
 Magic Dart               Conj           0%         1d3       98%         1
 Necrotise                Necr           0%         1d4       98%         1
 Summon Small Mammal      Summ           0%         N/A       98%         1
 Call Imp                 Summ           0%         N/A       99%         2
 Cigotuvi's Dreadful Rot  Necr/Pois/Air  0%         N/A       99%         2
 Lesser Beckoning         Tloc           0%         N/A       99%         2
 Poisonous Vapours        Pois/Air       0%         N/A       99%         2
 Confusing Touch          Hex            5%         N/A       99%         3
 Tukima's Dance           Hex            5%         N/A       99%         3
 Gell's Gravitas          Tloc           0%         N/A       100%        3
 Mephitic Cloud           Conj/Pois/Air  0%         N/A       100%        3
 Teleport Other           Tloc           0%         N/A       100%        3
 Vampiric Draining        Necr           0%         2d6       100%        3
 Blade Hands              Tmut           0%         N/A       100%        5
 Dispersal                Tloc           0%         N/A       100%        6
 Chain Lightning          Conj/Air       0%         N/A       100%        9
 Fire Storm               Conj/Fire      0%         5d1       100%        9
 Shatter                  Erth           0%         3d5*      100%        9


Dungeon Overview and Level Annotations

Branches:
Dungeon (9/15)             Temple (1/1) D:5
   Lair: D:8-11         Orc: D:9-12

Altars:
Ashenzari
Cheibriados
Dithmenos
Fedhas
Gozag
Hepliaklqana
Kikubaaqudgha
Makhleb
Nemelex Xobeh
Okawaru
Qazlal
Ru
Sif Muna
Trog
Uskayaw
Vehumet
Wu Jian
Xom
Yredelemnul

Shops:
D:3 !   D:5 *


Innate Abilities, Weirdness & Mutations

You regenerate magic rapidly.
Spells you cast may paralyse nearby enemies.
You have a sharp stinger which inflicts weakening toxins.
You are agile. (Dex +4, Str/Int -1)
Your flesh is heat resistant. (rF+)
You are vulnerable to cold. (rC-)


Message History

The kobold demonologist looks weaker.
The kobold demonologist is moderately wounded.
The sun demon hits you!!
You are engulfed in flames!
You resist.
The kobold demonologist hits you but does no damage.
The kobold demonologist mumbles some strange words.
You block the orc's attack. The orc priest barely misses you.
You closely miss the kobold demonologist.
The kobold demonologist is moderately wounded.
The sun demon hits you!
* * * LOW HITPOINT WARNING * * *
You are engulfed in flames!
You resist.
* * * LOW HITPOINT WARNING * * *
The orange demon stings you but does no damage.
The kobold demonologist hits you but does no damage.
The kobold demonologist barely misses you.
The orc priest calls down the wrath of Beogh upon you.
Beogh smites you!
* * * LOW HITPOINT WARNING * * *
You block the orc's attack.
You feel much better. The sun demon hits you!
You are engulfed in flames!
You resist.
* * * LOW HITPOINT WARNING * * *
The crimson imp closely misses you. You block the orange demon's attack.
The kobold demonologist hits you with a +0 dagger.
* * * LOW HITPOINT WARNING * * *
The kobold demonologist gestures wildly while chanting.
The orc priest misses you. The orc hits you but does no damage.
You fade into invisibility!
The sun demon barely misses you.
The crimson imp hits you but does no damage.
The orange demon barely misses you. The orc closely misses you.
You block the orc priest's attack.
The kobold throws a poisoned dart.
The poisoned dart hits the orc wizard!
The orc wizard is poisoned.
The kobold demonologist casts a spell.
The kobold demonologist mumbles some strange words.
You hear some strange, mumbled words.
The neqoxec easily resists.
You block the kobold demonologist's attack.
The sun demon hits you!
You die...

......#...#...#.._......#
......#...#...#.........#
......#...#...##........#
......#...#......≈4.....
......#>..#......§KKK...
......#...#.....35{K5...
......#####....543oKK...
...............3oK4o54..
...............#@Ko####
######.........#5♣5#
#.........#.♣ #
#.........#.♣
######....#.♣ #....#..
#....#.. #....


You could see 2 sun demons, an orange demon (summoned, unable to see you), 2
rust devils, 4 kobold demonologists, a neqoxec (summoned, wandering, unable to
see you), a chaos spawn (summoned, unable to see you), an orc priest (unable to
see you), an orc wizard (unable to see you, very poisoned), a quasit (summoned,
wandering, unable to see you), 2 crimson imps, 2 orcs, 3 ufetubi and 4 kobolds.

Vanquished Creatures
  Maggie (D:9)
  A troll (D:9)
  6 yaks (D:9)
  2 wyverns
  Eustachio (D:6)
  Grum (D:8)
  A wraith (D:9)
  A steam dragon (D:8)
  Menkaure (D:6)
  2 water moccasins
  A black bear (D:6)
  2 orc warriors
  4 ogres
  3 wolves (D:8)
  2 kobold brigands
  A phantom (D:5)
  3 bullfrogs
  A scorpion (D:5)
  3 wights (D:9)
  3 howler monkeys
  A hound (D:6)
  4 jellies
  Crazy Yiuf (D:6)
  A gnoll bouda (D:6)
  5 orc priests
  3 iguanas
  10 orc wizards
  2 sleepcaps
  4 gnolls
  8 adders
  4 white imps
  A worm (D:2)
  2 dart slugs
  28 orcs
  5 ball pythons
  9 endoplasms
  3 giant cockroaches
  6 goblins
  9 hobgoblins
  4 jackals (D:1)
  11 kobolds
  2 quokkas
  4 bats
  6 frilled lizards
  13 rats
186 creatures vanquished.

Vanquished Creatures (others)
  An orc wizard (D:7)
1 creature vanquished.

Grand Total: 187 creatures vanquished

Notes
Turn   | Place    | Note
-------+----------+-------------------------------------------
     0 | D:1      | IdlyInterested the Demonspawn Fighter began the quest for
                  | the Orb.
     0 | D:1      | Reached XP level 1. HP: 18/18 MP: 1/1
   244 | D:1      | Gained mutation: You have a small tail. [demonic ancestry]
   244 | D:1      | Reached XP level 2. HP: 24/24 MP: 2/2
   302 | D:1      | Reached skill level 1 in Stealth
   513 | D:1      | Gained mutation: You have a tail ending in a sharp stinger.
                  | [demonic ancestry]
   513 | D:1      | Reached XP level 3. HP: 29/29 MP: 3/3
   755 | D:2      | Found a blossoming altar of Fedhas.
  1144 | D:2      | Reached skill level 1 in Throwing
  1209 | D:2      | Reached XP level 4. HP: 35/35 MP: 4/4
  1507 | D:2      | Found a faded altar of an unknown god.
  1956 | D:3      | Gained mutation: You are vulnerable to cold. (rC-) [potion
                  | of mutation]
  1956 | D:3      | Gained mutation: You are agile. (Dex +4, Str/Int -1)
                  | [potion of mutation]
  1956 | D:3      | Gained mutation: Your flesh is heat resistant. (rF+)
                  | [potion of mutation]
  1969 | D:3      | Reached skill level 1 in Evocations
  1969 | D:3      | Gained mutation: You regenerate magic rapidly. [demonic
                  | ancestry]
  1969 | D:3      | Reached XP level 5. HP: 26/41 MP: 5/5
  1972 | D:3      | Found Maoz's Distillery.
  2157 | D:3      | Found an ancient bone altar of Kikubaaqudgha.
  2448 | D:3      | Bought a potion of magic for 112 gold pieces
  2448 | D:3      | Bought a potion of flight for 42 gold pieces
  2572 | D:3      | Bought a potion of lignification for 42 gold pieces
  2648 | D:4      | Reached skill level 1 in Dodging
  2659 | D:4      | Reached XP level 6. HP: 32/47 MP: 6/6
  2927 | D:4      | Identified the +2 shadow dragon scales of Suuf {rPois
                  | Regen+ Stlth++++}
  3199 | D:5      | Entered Level 5 of the Dungeon
  3307 | D:5      | Reached skill level 5 in Long Blades
  3382 | D:5      | Gained mutation: Spells you cast may paralyse adjacent
                  | enemies. [demonic ancestry]
  3382 | D:5      | Reached XP level 7. HP: 52/52 MP: 7/7
  3387 | D:5      | Found a staircase to the Ecumenical Temple.
  3409 | Temple   | Entered the Ecumenical Temple
  3684 | D:3      | Bought a potion of brilliance for 56 gold pieces
  3857 | D:5      | Found a bloodstained altar of Trog.
  3930 | D:5      | Reached skill level 1 in Short Blades
  3962 | D:5      | Found Xiosof's General Store.
  4229 | D:5      | Found a shimmering blue altar of Sif Muna.
  4230 | D:5      | Found a snail-covered altar of Cheibriados.
  4374 | D:5      | Found a sparkling altar of Nemelex Xobeh.
  4376 | D:5      | Found a shadowy altar of Dithmenos.
  4671 | D:6      | Noticed Menkaure
  4687 | D:6      | Killed Menkaure
  4688 | D:6      | Reached skill level 2 in Short Blades
  4750 | D:6      | Found an opulent altar of Gozag.
  4766 | D:6      | Reached skill level 3 in Short Blades
  4766 | D:6      | Reached skill level 5 in Shields
  4786 | D:6      | Reached XP level 8. HP: 56/60 MP: 8/8
  5075 | D:6      | Found a hazy altar of Hepliaklqana.
  5160 | D:5      | Bought a scroll of enchant armour for 90 gold pieces
  5160 | D:5      | Bought 2 atropa-tipped darts for 21 gold pieces
  5160 | D:5      | Bought 4 stones for 4 gold pieces
  5191 | D:6      | Found a shimmering altar of Xom.
  5265 | D:6      | Reached skill level 4 in Short Blades
  5526 | D:6      | Found a runed translucent door.
  5527 | D:6      | Noticed Crazy Yiuf
  5607 | D:6      | Noticed Eustachio
  5647 | D:6      | Killed Eustachio
  5937 | D:6      | Killed Crazy Yiuf
  6236 | D:7      | Reached skill level 5 in Short Blades
  6543 | D:7      | Gained mutation: Spells you cast may paralyse nearby
                  | enemies. [demonic ancestry]
  6543 | D:7      | Reached XP level 9. HP: 51/65 MP: 9/9
  6583 | D:7      | Found an iron altar of Okawaru.
  6708 | D:5      | Bought a scroll of silence for 114 gold pieces
  7062 | D:7      | Found a blossoming altar of Fedhas.
  7493 | D:8      | Reached skill level 6 in Short Blades
  7606 | D:8      | Noticed Grum
  7622 | D:8      | Killed Grum
  7720 | D:8      | Reached skill level 7 in Short Blades
  7882 | D:8      | Reached skill level 1 in Spellcasting
  8352 | D:9      | Reached skill level 5 in Stealth
  8495 | D:9      | Noticed Maggie
  8499 | D:9      | Killed Maggie
  8504 | D:9      | Learned a level 3 spell: Portal Projectile
  8541 | D:9      | Reached skill level 8 in Short Blades
  8682 | D:9      | Gained mutation: You have a sharp stinger which inflicts
                  | weakening toxins. [demonic ancestry]
  8682 | D:9      | Reached XP level 10. HP: 64/70 MP: 13/13
  8690 | D:9      | Reached skill level 1 in Hexes
  8865 | D:9      | Found a sacrificial altar of Ru.
  9216 | D:9      | Noticed a rust devil
  9220 | D:9      | Noticed a sun demon
  9224 | D:9      | Noticed an orange demon
  9227 | D:9      | Noticed a sun demon
  9227 | D:9      | Slain by a sun demon

Illustrated notes

Levels and vault maps discovered:
D:1:      roderic_dead_forest, layout_loops_ring, minmay_pentomino_r4
D:2:      minmay_general_purpose_star, layout_basic,
          ebering_ecumenical_altar_mist, basic_altar
D:3:      layout_rooms, mainiacjoe_overflow_small_starburst, serial_shops,
          nicolae_shop_window_shopping, minmay_misc_feat_enclosed,
          nicolae_figureground_pulse
D:4:      layout_basic, minmay_checkerbox
D:5:      layout_basic, mainiacjoe_overflow_24_doors,
          nicolae_overflow_hidden_temple, temple_statues, serial_shops,
          nicolae_diamond_shop
D:6:      layout_basic, lemuel_crystal_altar, nzn_hepliaklqana_mist_gate,
          mainiacjoe_overflow_surrounded_room, kennysheep_big_empty_room,
          minmay_misc_feat_columns, minivault_5, hangedman_abyss_or_decor_slice,
          grunt_decor_one_mirror, roderic_lattice_a, kennysheep_generic_room_13,
          uniq_crazy_yiuf_cottage, uniq_menkaure, uniq_eustachio
D:7:      layout_loops_ring, lemuel_coloured_pillars_altar,
          nicolae_overflow_crystal_walls, minmay_stone_trees_medium, st_stairs_1
D:8:      layout_loops_ring, kennysheep_mini_moat, kennysheep_generic_room_9,
          uniq_grum
D:9:      layout_irregular_city, mainiacjoe_overflow_boulevard, uniq_maggie
Temple:   nicolae_temple_bog_church

Skill      XL: |  1  2  3  4  5  6  7  8  9 10 |
---------------+-------------------------------+-----
Long Blades    | 2 3 4 5 |  5.5
Stealth        | 1 3 5 6 |  6.1
Throwing       | 1 |  1.0
Shields        | 3 4 5 6 |  6.0
Evocations     | 1 2 |  2.0
Dodging        | 1 2 |  2.0
Short Blades   | 3 5 8 |  8.8
Fighting       | 4 |  4.0
Spellcasting   | 2 |  2.0
Hexes          | 2 |  2.5
Armour         | |  2.6

Action                     |  1- 3 |  4- 6 |  7- 9 | 10-12 || total
---------------------------+-------+-------+-------+-------++-------
  Melee: Long sword        |   141 |   120 |       |       ||   261
         Tailslap          |     7 |    17 |    72 |    22 ||   118
         Short sword       |       |       |   200 |       ||   200
         Rapier            |       |       |   187 |    67 ||   254
  Throw: Stone             |       |     7 |     4 |     1 ||    12
         Dart              |       |       |     3 |       ||     3
    Use: Scroll            |     8 |     3 |     5 |       ||    16
         Potion            |     1 |     1 |     2 |     2 ||     6
   Stab: Sleeping          |       |     3 |    14 |       ||    17
         Invisible         |       |       |     2 |       ||     2
         Distracted        |       |       |     4 |       ||     4
 Armour: Scale mail        |    69 |    36 |       |       ||   105
         Shadow dragon sca |       |     7 |   161 |    39 ||   207
  Dodge: Dodged            |    61 |    50 |   118 |    21 ||   250
  Block: Buckler           |    35 |    29 |   105 |    20 ||   189

Table legend: (Time is in decaauts)
 A = Elapsed time spent in this place.
 B = Non-inter-level travel time spent in this place.
 C = Inter-level travel time spent in this place.
 D = Time resting spent in this place.
 E = Time spent auto-exploring this place.
 F = Levels seen in this place.
 G = Mean time per level.
                   A        B        C        D        E       F      G
               +--------+--------+--------+--------+--------+-----+--------+
         Total |   9179 |   7356 |   1823 |    413 |   4849 |  10 |  917.9 |
       Dungeon |   8984 |   7183 |   1801 |    413 |   4683 |   9 |  998.2 |
        Temple |    194 |    173 |     21 |      0 |    165 |   1 |  194.0 |
               +--------+--------+--------+--------+--------+-----+--------+

Top non-repeatable levels by time:
     D:6: 1458 daAuts
     D:5: 1136 daAuts
     D:7: 1073 daAuts
     D:8: 1044 daAuts
     D:2: 1029 daAuts
     D:1: 886 daAuts
     D:3: 850 daAuts
     D:4: 831 daAuts
     D:9: 674 daAuts
  Temple: 194 daAuts
